 Dungeon Crawl Stone Soup version 0.27-a0-1078-g0d77da13b5 (webtiles) character file.

Game seed: 11171290746101125807

64 Froggeryz the Cudgeller (level 3, -1/27 HPs)
             Began as a Demonspawn Gladiator on Apr 25, 2021.
             Slain by a gnoll
             ... wielding a +0 flail
              (9 damage)
             ... on level 1 of the Dungeon.
             The game lasted 00:01:57 (1696 turns).

Froggeryz the Cudgeller (Demonspawn Gladiator)      Turns: 1696, Time: 00:01:57

Health: -1/27      AC:  8    Str: 15    XL:     3   Next: 91%
Magic:  3/3        EV: 11    Int:  9    God:
Gold:   15         SH:  0    Dex: 14    Spells: 2/2 levels left

rFire    . . .     SeeInvis .   a - +1 flail
rCold    . . .     Faith    .   (no shield)
rNeg     . . .     Spirit   .   i - +1 ring mail
rPois    .         Reflect  .   c - +0 helmet
rElec    .         Harm     .   (no cloak)
rCorr    .         Rampage  .   g - +0 pair of gloves
Will     .....                  (no boots)
Stlth    +.........             (no amulet)
HPRegen  0.09/turn              (no ring)
MPRegen  0.08/turn              (no ring)

@: weak-willed
A: claws 1
a: no special abilities


You were on level 1 of the Dungeon.
You visited 1 branch of the dungeon, and saw 2 of its levels.

You collected 15 gold pieces.

Inventory:

Hand Weapons
 a - a +1 flail (weapon)
Missiles
 d - 3 throwing nets
 j - 2 silver javelins (quivered)
Armour
 c - a +0 helmet (worn)
 g - a +0 pair of gloves (worn)
 i - a +1 ring mail (worn)
Scrolls
 f - a scroll of enchant weapon
 h - 2 scrolls of identify


   Skills:
 - Level 2.0 Fighting
 - Level 3.2 Maces & Flails
 - Level 1.7 Throwing
 - Level 1.0 Armour
 - Level 2.6 Dodging
 * Level 2.3 Unarmed Combat


You had 2 spell levels left.
You didn't know any spells.
Your spell library was empty.

Dungeon Overview and Level Annotations

Branches:
Dungeon (2/15)

Altars:


Innate Abilities, Weirdness & Mutations

You have sharp fingernails.


Message History

You feel sick.
You feel sick.
You are no longer poisoned.
j - a silver javelin
j - 2 silver javelins (gained 1)
A gnoll comes into view. It is wielding a +0 spear.
A gnoll is nearby!
A gnoll is nearby!
The gnoll shouts!
A gnoll comes into view. It is wielding a +0 flail.
A gnoll comes into view. It is wielding a +0 whip.
The gnoll shouts!
The gnoll hits you from afar with a +0 spear.
You open the door.
The gnoll hits you from afar with a +0 spear.
There is an open door here.
The gnoll barely misses you.
A gnoll comes into view. It is wielding a +0 flail.
There is a stone staircase leading up here.
The gnoll shouts!
The gnoll hits you with a +0 flail. The gnoll hits you with a +0 whip.
You climb upwards.
There is a stone staircase leading down here.
You aren't carrying any potions.
As you read the scroll labelled LAMITWY MEDO, it crumbles to dust.
It is a scroll of enchant armour.
Your +0 ring mail glows green for a moment.
The gnoll hits you with a +0 flail.
* * * LOW HITPOINT WARNING * * *
As you read the scroll labelled AVEOLU ZUSCHADU, it crumbles to dust.
It is a scroll of enchant weapon.
Your +0 flail glows red for a moment.
The gnoll hits you but does no damage.
As you read the scroll labelled ZYEVIU READEY, it crumbles to dust.
Magic quickly surges around you.
It was a scroll of vulnerability.
The gnoll barely misses you.
As you read the scroll labelled KEMIOPNETAT, it crumbles to dust.
It is a scroll of identify.
You don't have any unidentified items.
The gnoll hits you with a +0 flail!
You die...

#.#########.# ###...... #.# #.#
#........ #.# #.########.###.#.#
######.# #........#..#(.###
.......# #........#.###.#.#
######## #........#........
#........#.#.#.###
#.########.###..#.
################@# #.#.#.###
............รท>##g# ##........
................g#######..###.###
#############+#..........## #.# #
####### #..............## #.###
......## #..............# #....
#####..###..............# #####
##.##...............# #
#..#...)...........# #


You could see 2 gnolls.

Vanquished Creatures
  Jessica (D:2)
  3 ball pythons (D:1)
  An endoplasm (D:1)
  2 giant cockroaches (D:1)
  3 goblins (D:1)
  A hobgoblin (D:1)
  7 jackals (D:1)
  2 kobolds
  3 quokkas (D:1)
  4 bats (D:1)
  2 frilled lizards (D:1)
  4 rats (D:1)
33 creatures vanquished.

Notes
Turn   | Place    | Note
-------+----------+-------------------------------------------
     0 | D:1      | Froggeryz the Demonspawn Gladiator began the quest for the
                  | Orb.
     0 | D:1      | Reached XP level 1. HP: 16/16 MP: 1/1
    63 | D:1      | Reached skill level 3 in Maces & Flails
   248 | D:1      | Gained mutation: You have sharp fingernails. [demonic
                  | ancestry]
   248 | D:1      | Reached XP level 2. HP: 22/22 MP: 2/2
   508 | D:1      | Reached skill level 1 in Armour
   997 | D:1      | Reached skill level 1 in Unarmed Combat
  1147 | D:1      | Reached XP level 3. HP: 26/27 MP: 3/3
  1411 | D:2      | Noticed Jessica
  1632 | D:2      | Killed Jessica
  1696 | D:1      | Slain by a gnoll

Illustrated notes

Levels and vault maps discovered:
D:1:      wheals_arrival_shading, layout_basic, minmay_heptomino_h4
D:2:      cheibrodos_pilgrimage, layout_basic,
          shapermc_ecumenical_altar_mp_ritualfount, uniq_jessica

Skill      XL: |  1  2  3 |
---------------+----------+-----
Maces & Flails | 3 |  3.2
Armour         | 1 |  1.0
Unarmed Combat | 1 2 |  2.3
Fighting       | |  2.0
Throwing       | |  1.7
Dodging        | |  2.6

Action                   || total
-------------------------++-------
Melee: Flail             ||   129
Throw: Javelin           ||     2
  Use: Scroll            ||     4
Armor: Leather armour    ||    32
       Ring mail         ||    51
Dodge: Dodged            ||   122

Table legend: (Time is in decaauts)
 A = Elapsed time spent in this place.
 B = Non-inter-level travel time spent in this place.
 C = Inter-level travel time spent in this place.
 D = Time resting spent in this place.
 E = Time spent auto-exploring this place.
 F = Levels seen in this place.
 G = Mean time per level.
                   A        B        C        D        E       F      G
               +--------+--------+--------+--------+--------+-----+--------+
         Total |   1733 |   1708 |     25 |    372 |   1019 |   2 |  866.5 |
       Dungeon |   1733 |   1708 |     25 |    372 |   1019 |   2 |  866.5 |
               +--------+--------+--------+--------+--------+-----+--------+

Top non-repeatable levels by time:
     D:1: 1647 daAuts
     D:2: 86 daAuts
